AoeStats
← ska_18

Pilgrims

508004120Analyzed
3v3 RM · 11d ago on Sep 20, 2026· 61m 33s· 6 players
Game mode
Random Map
Map size
Normal (6 player)
Population
200
Speed
Normal
Resources
Standard
Victory
Conquest
Starting age
Dark Age
Ending age
Imperial Age
RankedLock teamsTeams togetherTeam positionsShared explorationLock speedFull tech treeHidden civsTurbo modeCheats
Victory
Defeat
🇹🇼 Japanese · Taiwan
933
+12
🇦🇹 Saracens · Austria
902
+13
🇨🇳 Magyars · China
875
+14
🇨🇦 Bohemians · Canada
892
-15
🇦🇷 Celts · Argentina
820
-12
🇹🇷 Chinese · Türkiye
804
-12
Dominic
13:45 Feudal Age
15:23 Double-Bit Axe
19:45 Castle Age
17:56 Fishing Lines
20:19 Gillnets
20:41 Medium Warships
20:28 Loom
21:41 Stone Mining
21:42 Gold Mining
22:47 Fletching
24:16 Husbandry
24:27 Bloodlines
27:17 Scale Barding Armor
31:41 Imperial Age
30:43 Corvinian Army
31:07 Chain Barding Armor
32:19 Bodkin Arrow
32:24 Padded Archer Armor
35:56 Parthian Tactics
35:37 Thumb Ring
35:38 Bracer
39:42 Horse Collar
44:48 Elite Magyar Huszar
46:19 Recurve Bow
46:46 Ballistics
47:15 Wheelbarrow
47:16 Leather Archer Armor
47:37 Heavy Cavalry Archer
51:56 Conscription
56:31 Capped Ram
George
13:15 Feudal Age
16:59 Loom
17:47 Man-at-Arms
20:30 Arson
22:44 Forging
24:53 Castle Age
26:31 Iron Casting
26:27 Double-Bit Axe
30:02 Bow Saw
34:19 Imperial Age
32:11 Gold Mining
32:31 Fishing Lines
35:52 Fletching
36:48 Ballistics
36:53 Bodkin Arrow
37:09 Thumb Ring
37:23 Gillnets
39:14 Parthian Tactics
39:06 Murder Holes
39:03 Guard Tower
39:20 Padded Archer Armor
41:29 Yasama
42:54 Wheelbarrow
44:12 Two-Man Saw
44:06 Bracer
44:48 Keep
44:00 Arrowslits
44:06 Long Swordsman
47:25 Blast Furnace
49:05 Chemistry
48:38 Conscription
49:34 Hand Cart
49:51 Kataparuto
49:42 Squires
50:07 Siege Engineers
49:50 Two-Handed Swordsman
51:35 Pikeman
52:02 Gambesons
52:21 Scale Mail Armor
53:56 Chain Mail Armor
53:57 Leather Archer Armor
54:27 Heavy Cavalry Archer
57:39 Plate Mail Armor
60:35 Halberdier
62:34 Ring Archer Armor
ska_18
Marina Orsini
13:31 Feudal Age
14:30 Double-Bit Axe
21:05 Arson
20:42 Man-at-Arms
29:14 Castle Age
37:13 Pikeman
41:39 Wheelbarrow
40:48 Horse Collar
47:43 Imperial Age
49:14 Heavy Plow
50:50 Chemistry
50:49 Halberdier
57:56 Elite Hussite Wagon
61:53 Scale Mail Armor
62:03 Forging
61:59 Scale Barding Armor
Murphy
5:30 Loom
14:43 Feudal Age
19:04 Double-Bit Axe
19:12 Horse Collar
24:26 Castle Age
23:25 Stone Mining
25:41 Heavy Plow
25:54 Bow Saw
26:24 Stone Shaft Mining
27:14 Thumb Ring
27:02 Fletching
27:12 Padded Archer Armor
27:40 Bodkin Arrow
34:32 Leather Archer Armor
41:39 Imperial Age
43:39 Elite Chu Ko Nu
53:10 Ballistics
54:55 Chemistry
53:51 Murder Holes
Erickinio
13:44 Feudal Age
14:28 Double-Bit Axe
17:21 Loom
23:07 Forging
25:06 Castle Age
22:53 Man-at-Arms
23:18 Arson
25:42 Wheelbarrow
27:24 Iron Casting
27:04 Gold Mining
27:05 Stone Mining
29:55 Pikeman
30:20 Gambesons
31:51 Gambesons
32:09 Scale Mail Armor
35:24 Chain Mail Armor
36:14 Stronghold
36:54 Treadmill Crane
37:38 Stone Mining
38:32 Murder Holes
39:54 Masonry
40:33 Stone Shaft Mining
40:34 Gold Shaft Mining
42:39 Hand Cart
42:52 Bow Saw
43:23 Gold Shaft Mining
47:26 Imperial Age
46:00 Long Swordsman
46:28 Arson
47:40 Horse Collar
48:58 Conscription
49:54 Plate Mail Armor
50:25 Blast Furnace
49:21 Town Watch
51:43 Elite Skirmisher
52:49 Onager
59:38 Chemistry
58:44 Siege Engineers
59:36 Siege Engineers
60:16 Halberdier
Connection lost

Rejoining the realm…

Still unreachable

The connection could not be restored.

Session expired

The server has moved on; the page needs a fresh start.